TOP OF THE 1ST |
Jacksonville Suns batting - Pitching for Biloxi Shuckers : RHP Mark Hincks
|
Pitching: RHP Mark Hincks
|
|
Batting: RHB Boof Howell
|
0-0: Ball 1-0: Swinging Strike 1-1: Foul Ball, location: 2F 1-2: Foul Ball, location: 2F 1-2: Ball 2-2: Ball 3-2: Base on Balls
|
Batting: RHB Miguel Velasco
|
0-0: Foul Ball, location: 2F 0-1: Foul Ball, location: 2F 0-2: Ball 1-2: Strikes out swinging Boof Howell steals 2nd base Batter strikes out.
|
Batting: RHB Akira Suzuki
|
0-0: Ball 1-0: Ground out 6-3 (Groundball, 6S, EV 68.1 MPH) Boof Howell to third
|
Batting: LHB Dong-u Chang
|
0-0: Ball Wild Pitch! Boof Howell scores 1-0: Called Strike 1-1: Called Strike 1-2: Ball 2-2: DOUBLE (Line Drive, 78D, EV 105.6 MPH)
|
Batting: SHB Matt Moore
|
0-0: Called Strike 0-1: Foul Ball, location: 2F 0-2: Ball 1-2: Strikes out swinging
|
Top of the 1st over - 1 run, 1 hit, 0 errors, 1 left on base; Jacksonville 1 - Biloxi 0 |
BOTTOM OF THE 1ST |
Biloxi Shuckers batting - Pitching for Jacksonville Suns : LHP Byron Copeland
|
Pitching: LHP Byron Copeland
|
|
Batting: RHB Nick Cummings
|
0-0: Called Strike 0-1: Ball 1-1: Called Strike 1-2: Ball 2-2: Foul Ball, location: 2F 2-2: DOUBLE (Groundball, 5L, EV 110.6 MPH)
|
Batting: LHB Adam Hill
|
0-0: Ball 1-0: Foul Ball, location: 2F 1-1: Ball 2-1: Ground out 6-3 (Groundball, 6, EV 85.6 MPH) Nick Cummings to third
|
Batting: RHB Hector Silva
|
0-0: Foul Ball, location: 2F 0-1: Ball 1-1: Ball 2-1: 2-RUN HOME RUN (Flyball, 78XD, EV 106.2 MPH), Distance : 410 ft
|
Batting: RHB Cameron Rattenbury
|
0-0: Ball 1-0: SINGLE (Groundball, 6MD, EV 98.1 MPH)
|
Batting: RHB Steve Byerly
|
0-0: Foul Ball, location: 2F 0-1: Fly out, F7 (Flyball, 7, EV 75.6 MPH)
|
Batting: SHB Orlando Torres
|
0-0: Ground out 4-3 (Groundball, 34, EV 101.2 MPH)
|
Bottom of the 1st over - 2 runs, 3 hits, 0 errors, 1 left on base; Jacksonville 1 - Biloxi 2 |
TOP OF THE 2ND |
Jacksonville Suns batting - Pitching for Biloxi Shuckers : RHP Mark Hincks
|
Batting: RHB Larry LeFever
|
0-0: Called Strike 0-1: Foul Ball, location: 2F 0-2: Strikes out swinging
|
Batting: RHB Len Graham
|
0-0: Ball 1-0: Called Strike 1-1: Foul Ball, location: 2F 1-2: Foul Ball, location: 2F 1-2: Strikes out swinging
|
Batting: RHB Tom Thompson
|
0-0: Foul Ball, location: 2F 0-1: Ball 1-1: Ball 2-1: SINGLE (Groundball, 4MD, EV 94.4 MPH)
|
Batting: RHB Alberto Bravo
|
0-0: Called Strike Tom Thompson steals 2nd base 0-1: Ground out 6-3 (Groundball, 6, EV 88.1 MPH)
|
Top of the 2nd over - 0 runs, 1 hit, 0 errors, 1 left on base; Jacksonville 1 - Biloxi 2 |
BOTTOM OF THE 2ND |
Biloxi Shuckers batting - Pitching for Jacksonville Suns : LHP Byron Copeland
|
Batting: RHB Josh Nelson
|
0-0: Ball 1-0: Called Strike 1-1: Foul Ball, location: 2F 1-2: Foul Ball, location: 2F 1-2: SINGLE (Line Drive, 78S, EV 103.1 MPH)
|
Batting: RHB Bobby Heagle
|
0-0: Called Strike 0-1: Foul Ball, location: 2F 0-2: Ball 1-2: Fielders Choice at 2nd, 4-6 (Groundball, 4, EV 85.6 MPH)
|
Batting: RHB Chris Fruit
|
0-0: Ball Bobby Heagle is caught stealing 2nd base 2-4 1-0: Ball 2-0: Called Strike 2-1: Foul Ball, location: 2F 2-2: Strikes out swinging
|
Bottom of the 2nd over - 0 runs, 1 hit, 0 errors, 0 left on base; Jacksonville 1 - Biloxi 2 |
TOP OF THE 3RD |
Jacksonville Suns batting - Pitching for Biloxi Shuckers : RHP Mark Hincks
|
Batting: RHB Boof Howell
|
0-0: Called Strike 0-1: Ball 1-1: Ball 2-1: Ball 3-1: Base on Balls
|
Batting: RHB Miguel Velasco
|
0-0: Ball 1-0: Foul Ball, location: 2F 1-1: Called Strike 1-2: Foul Ball, location: 2F 1-2: Foul Ball, location: 2F 1-2: Strikes out swinging
|
Batting: RHB Akira Suzuki
|
0-0: Fly out, F9 (Line Drive, 89M, EV 107.5 MPH)
|
Batting: LHB Dong-u Chang
|
0-0: Ball Boof Howell steals 2nd base 1-0: Swinging Strike 1-1: Ball 2-1: Fly out, F8 (Flyball, 8LD, EV 95.6 MPH)
|
Top of the 3rd over - 0 runs, 0 hits, 0 errors, 1 left on base; Jacksonville 1 - Biloxi 2 |
BOTTOM OF THE 3RD |
Biloxi Shuckers batting - Pitching for Jacksonville Suns : LHP Byron Copeland
|
Batting: RHB Nick Cummings
|
0-0: Called Strike 0-1: Called Strike 0-2: Ball 1-2: Strikes out swinging
|
Batting: LHB Adam Hill
|
0-0: Foul Ball, location: 2F 0-1: Ball 1-1: Foul Ball, location: 2F 1-2: Strikes out swinging
|
Batting: RHB Hector Silva
|
0-0: Reached on error, E6 (Groundball, 6, EV 98.1 MPH)
|
Batting: RHB Cameron Rattenbury
|
0-0: Ground out 4-3 (Groundball, 4, EV 81.9 MPH)
|
Bottom of the 3rd over - 0 runs, 0 hits, 1 error, 1 left on base; Jacksonville 1 - Biloxi 2 |
TOP OF THE 4TH |
Jacksonville Suns batting - Pitching for Biloxi Shuckers : RHP Mark Hincks
|
Batting: SHB Matt Moore
|
0-0: Called Strike 0-1: Ball 1-1: Foul Ball, location: 2F 1-2: Hit by Pitch
|
Batting: RHB Larry LeFever
|
0-0: Called Strike 0-1: Ball 1-1: Called Strike 1-2: Ball 2-2: Foul Ball, location: 2F 2-2: Grounds into double play, 6-4-3 (Groundball, 6, EV 88.1 MPH)
|
Batting: RHB Len Graham
|
0-0: Ball 1-0: Ball 2-0: Swinging Strike 2-1: Ball 3-1: Base on Balls
|
Batting: RHB Tom Thompson
|
0-0: Ball Len Graham steals 2nd base (no throw) 1-0: Foul Ball, location: 2F 1-1: Foul Ball, location: 2F 1-2: Ball 2-2: Ball 3-2: Strikes out swinging
|
Top of the 4th over - 0 runs, 0 hits, 0 errors, 1 left on base; Jacksonville 1 - Biloxi 2 |
BOTTOM OF THE 4TH |
Biloxi Shuckers batting - Pitching for Jacksonville Suns : LHP Byron Copeland
|
Batting: RHB Steve Byerly
|
0-0: Ball 1-0: Ground out 4-3 (Groundball, 34, EV 96.9 MPH)
|
Batting: SHB Orlando Torres
|
0-0: SINGLE (Groundball, 4MD, EV 102.5 MPH)
|
Batting: RHB Josh Nelson
|
0-0: Ball 1-0: Ball 2-0: Ball 3-0: Base on Balls Orlando Torres to second
|
Batting: RHB Bobby Heagle
|
0-0: Called Strike 0-1: Foul Ball, location: 2F 0-2: SINGLE (Groundball, 4MD, EV 104.4 MPH) Orlando Torres to third Josh Nelson to second Runner from 3rd tries for Home, SAFE, throw by CF to home
|
Batting: RHB Chris Fruit
|
0-0: Ball 1-0: Called Strike 1-1: Fielders Choice at 2nd, 5-4 (Groundball, 5, EV 81.2 MPH) Josh Nelson to third
|
Batting: RHB Nick Cummings
|
0-0: Swinging Strike 0-1: Ball 1-1: Ball 2-1: Foul Ball, location: 2F 2-2: Foul Ball, location: 2F 2-2: Fielders Choice at 2nd, 6-4 (Groundball, 6, EV 86.2 MPH)
|
Bottom of the 4th over - 1 run, 2 hits, 0 errors, 2 left on base; Jacksonville 1 - Biloxi 3 |
TOP OF THE 5TH |
Jacksonville Suns batting - Pitching for Biloxi Shuckers : RHP Mark Hincks
|
Batting: RHB Alberto Bravo
|
0-0: Ball 1-0: Ball 2-0: Bunt for hit to 13S - play at first, batter OUT! 1-3
|
Batting: RHB Boof Howell
|
0-0: Ball 1-0: Called Strike 1-1: Swinging Strike 1-2: Strikes out swinging
|
Batting: RHB Miguel Velasco
|
0-0: Ground out 4-3 (Groundball, 4, EV 91.9 MPH)
|
Top of the 5th over - 0 runs, 0 hits, 0 errors, 0 left on base; Jacksonville 1 - Biloxi 3 |
BOTTOM OF THE 5TH |
Biloxi Shuckers batting - Pitching for Jacksonville Suns : LHP Byron Copeland
|
Batting: LHB Adam Hill
|
0-0: Foul Ball, location: 2F 0-1: Foul Ball, location: 2F 0-2: Foul Ball, location: 2F 0-2: Foul Ball, location: 2F 0-2: Strikes out looking
|
Batting: RHB Hector Silva
|
0-0: Ball 1-0: Swinging Strike 1-1: Ball 2-1: Foul Ball, location: 2F 2-2: Foul Ball, location: 2F 2-2: Foul Ball, location: 2F 2-2: Ground out 5-3 (Groundball, 5, EV 105.0 MPH)
|
Batting: RHB Cameron Rattenbury
|
0-0: Ball 1-0: Ball 2-0: Ground out 6-3 (Groundball, 6, EV 84.4 MPH)
|
Bottom of the 5th over - 0 runs, 0 hits, 0 errors, 0 left on base; Jacksonville 1 - Biloxi 3 |
TOP OF THE 6TH |
Jacksonville Suns batting - Pitching for Biloxi Shuckers : RHP Mark Hincks
|
Batting: RHB Akira Suzuki
|
0-0: Ball 1-0: Called Strike 1-1: Called Strike 1-2: Ground out 6-3 (Groundball, 6, EV 92.5 MPH)
|
Batting: LHB Dong-u Chang
|
0-0: Ball 1-0: Foul Ball, location: 2F 1-1: Ball 2-1: Ball 3-1: Called Strike 3-2: Strikes out looking
|
Batting: SHB Matt Moore
|
0-0: Called Strike 0-1: Foul Ball, location: 2F 0-2: Foul Ball, location: 2F 0-2: Ball 1-2: Strikes out swinging
|
Top of the 6th over - 0 runs, 0 hits, 0 errors, 0 left on base; Jacksonville 1 - Biloxi 3 |
BOTTOM OF THE 6TH |
Biloxi Shuckers batting - Pitching for Jacksonville Suns : LHP Byron Copeland
|
Batting: RHB Steve Byerly
|
0-0: Foul Ball, location: 2F 0-1: Foul Ball, location: 2F 0-2: Ball 1-2: Ball 2-2: Foul Ball, location: 2F 2-2: Ball 3-2: DOUBLE (Line Drive, 78XD, EV 101.2 MPH)
|
Batting: SHB Orlando Torres
|
0-0: Ball 1-0: Ball 2-0: Called Strike 2-1: Called Strike 2-2: Foul Ball, location: 2F 2-2: SINGLE (Groundball, 34D, EV 103.1 MPH) Steve Byerly to third
|
Batting: RHB Josh Nelson
|
0-0: Ball 1-0: Foul Ball, location: 2F 1-1: Ground out 5-3 (Groundball, 6S, EV 78.8 MPH) Orlando Torres to second
|
Batting: RHB Bobby Heagle
|
0-0: Intentional Walk
|
Batting: RHB Chris Fruit
|
0-0: Ball 1-0: Called Strike 1-1: Foul Ball, location: 2F 1-2: Grounds into double play, 4-2-3 (Groundball, 4S, EV 88.8 MPH)
|
Bottom of the 6th over - 0 runs, 2 hits, 0 errors, 2 left on base; Jacksonville 1 - Biloxi 3 |
TOP OF THE 7TH |
Jacksonville Suns batting - Pitching for Biloxi Shuckers : RHP Mark Hincks
|
Pitching: LHP Benito Vargas
|
|
Batting: RHB Larry LeFever
|
0-0: Ground out 6-3 (Groundball, 56, EV 80.6 MPH)
|
Batting: RHB Len Graham
|
0-0: Ball 1-0: Foul Ball, location: 2F 1-1: Ground out 6-3 (Groundball, 56, EV 80.0 MPH)
|
Batting: RHB Tom Thompson
|
0-0: Ground out 6-3 (Groundball, 6MD, EV 88.8 MPH)
|
Top of the 7th over - 0 runs, 0 hits, 0 errors, 0 left on base; Jacksonville 1 - Biloxi 3 |
BOTTOM OF THE 7TH |
Biloxi Shuckers batting - Pitching for Jacksonville Suns : LHP Byron Copeland
|
Pitching: RHP Campbell Wagenmakers
|
|
Batting: RHB Nick Cummings
|
0-0: Called Strike 0-1: Ball 1-1: SINGLE (Groundball, 56D, EV 101.9 MPH) (infield hit)
|
Batting: LHB Adam Hill
|
0-0: Called Strike Nick Cummings steals 2nd base 0-1: Swinging Strike 0-2: Ball 1-2: Ball 2-2: Ball 3-2: Intentional Walk
|
Batting: RHB Hector Silva
|
0-0: Grounds into double play, 5-4-3 (Groundball, 5S, EV 88.8 MPH) Nick Cummings to third
|
Batting: RHB Cameron Rattenbury
|
0-0: Called Strike 0-1: Called Strike 0-2: Strikes out swinging
|
Bottom of the 7th over - 0 runs, 1 hit, 0 errors, 1 left on base; Jacksonville 1 - Biloxi 3 |
TOP OF THE 8TH |
Jacksonville Suns batting - Pitching for Biloxi Shuckers : LHP Benito Vargas
|
Batting: RHB Alberto Bravo
|
0-0: Called Strike 0-1: Ball 1-1: Ball 2-1: Ground out 6-3 (Groundball, 56, EV 86.9 MPH)
|
Batting: RHB Boof Howell
|
0-0: Ball 1-0: Ball 2-0: Ball 3-0: Called Strike 3-1: Called Strike 3-2: Foul Ball, location: 2F 3-2: Base on Balls
|
Batting: RHB Miguel Velasco
|
0-0: Ball 1-0: Called Strike 1-1: Grounds into double play, 4-6-3 (Groundball, 4, EV 87.5 MPH)
|
Top of the 8th over - 0 runs, 0 hits, 0 errors, 0 left on base; Jacksonville 1 - Biloxi 3 |
BOTTOM OF THE 8TH |
Biloxi Shuckers batting - Pitching for Jacksonville Suns : RHP Campbell Wagenmakers
|
Batting: RHB Steve Byerly
|
0-0: Swinging Strike 0-1: Called Strike 0-2: Strikes out swinging
|
Batting: SHB Orlando Torres
|
0-0: Foul Ball, location: 2F 0-1: Ball 1-1: SINGLE (Groundball, 6MD, EV 95.0 MPH)
|
Batting: RHB Josh Nelson
|
0-0: SINGLE (Line Drive, 89S, EV 106.2 MPH) Orlando Torres to second
|
Batting: RHB Bobby Heagle
|
0-0: Ground out 5-3 (Groundball, 5L, EV 107.5 MPH) Orlando Torres to third Josh Nelson to second
|
Batting: RHB Chris Fruit
|
0-0: Ball 1-0: Ball 2-0: Ground out 6-3 (Groundball, 6, EV 80.0 MPH)
|
Bottom of the 8th over - 0 runs, 2 hits, 0 errors, 2 left on base; Jacksonville 1 - Biloxi 3 |
TOP OF THE 9TH |
Jacksonville Suns batting - Pitching for Biloxi Shuckers : LHP Benito Vargas
|
Pitching: RHP Ernie Schmutz
|
|
Batting: RHB Akira Suzuki
|
0-0: Ball 1-0: Ball 2-0: Swinging Strike 2-1: Foul Ball, location: 2F 2-2: Strikes out looking
|
Batting: LHB Dong-u Chang
|
0-0: Called Strike 0-1: Called Strike 0-2: Strikes out looking and he ARGUES THE CALL AND IS TOSSED!
|
Batting: SHB Matt Moore
|
0-0: Called Strike 0-1: Ball 1-1: Ball 2-1: Called Strike 2-2: Foul Ball, location: 2F 2-2: Strikes out swinging
|
Top of the 9th over - 0 runs, 0 hits, 0 errors, 0 left on base; Jacksonville 1 - Biloxi 3 |
|